 Dungeon Crawl Stone Soup version 0.26.1-11-gd32895ea62 (webtiles) character file.

Game seed: 17820042139120066335

408 Almogavar the Slasher (level 6, -1/50 HPs)
             Began as a Barachi Fighter on May 4, 2021.
             Killed from afar by a dart slug (2 damage)
             ... with a slug dart
             ... on level 4 of the Dungeon.
             The game lasted 00:08:14 (4952 turns).

Almogavar the Slasher (Barachi Fighter)             Turns: 4952, Time: 00:08:14

Health: -1/50      AC:  7    Str: 19    XL:     6   Next: 88%
Magic:  6/6        EV:  8    Int:  8    God:
Gold:   236        SH:  9    Dex: 12    Spells: 5/5 levels left

rFire    + . .     SeeInvis .   a - +0 long sword
rCold    + . .     Faith    .   c - +0 kite shield
rNeg     . . .     Spirit   .   b - +0 scale mail
rPois    +         Reflect  .   (no helmet)
rElec    +         Harm     .   (no cloak)
rCorr    +         Rampage  .   (no gloves)
Will     .....                  (no boots)
Stlth    ..........             (no amulet)
HPRegen  0.16/turn              (no ring)
MPRegen  0.10/turn              (no ring)

@: mighty, resistant, can't hop, flying, slow
A: +LOS, swims, slowness 1, strong legs 1
a: Hop


You were on level 4 of the Dungeon.
You visited 1 branch of the dungeon, and saw 4 of its levels.
You also visited: Sewer.

You collected 236 gold pieces.

Inventory:

Hand Weapons
 a - a +0 long sword (weapon)
 t - a +0 hunting sling
Missiles
 f - 150 stones
 l - 52 sling bullets
Armour
 b - a +0 scale mail (worn)
 c - a +0 kite shield (worn)
 r - a +0 chain mail
Scrolls
 e - a scroll of enchant armour {unknown}
 i - a scroll of magic mapping
 o - 4 scrolls of teleportation
 p - 2 scrolls of remove curse {unknown}
 s - 3 scrolls of amnesia {unknown}
 y - a scroll of fear {unknown}
 z - 3 scrolls of identify {unknown}
 B - a scroll of enchant weapon {unknown}
Potions
 g - a potion of ambrosia {unknown}
 h - 6 potions of flight
 j - a potion of mutation {unknown}
 k - 2 potions of degeneration {unknown}
 m - a potion of brilliance {unknown}
 n - a potion of invisibility {unknown}
 q - 2 potions of haste {unknown}
 u - a potion of magic {unknown}
 v - a potion of experience {unknown}
 w - 2 potions of curing {unknown}
 x - 4 potions of resistance
 A - a potion of heal wounds {unknown}


   Skills:
 + Level 4.8 Fighting
 + Level 5.1 Long Blades
 + Level 1.8 Slings
 + Level 5.0 Armour
 + Level 1.8 Dodging
 + Level 0.2 Stealth
 + Level 4.4 Shields


You had 5 spell levels left.
You didn't know any spells.
Your spell library was empty.

Dungeon Overview and Level Annotations

Branches:
Dungeon (4/15)              Sewer (visited)
 Temple: D:4-7

Altars:
Ashenzari
Gozag
Kikubaaqudgha
Xom


Innate Abilities, Weirdness & Mutations

You can be seen from farther away. (+LOS)
You can swim through water.
You cover ground slowly.
You can hop short distances.


Message History

You block the gnoll sergeant's attack. The dart slug launches a dart at you.
The slug dart hits you.
* * * LOW HITPOINT WARNING * * *
You hit the gnoll sergeant.
The gnoll sergeant is moderately wounded.
You block the gnoll sergeant's attack.
Unknown command.
You slash the gnoll sergeant!
The gnoll sergeant is almost dead.
The gnoll sergeant hits you with a +2 vampiric spear.
* * * LOW HITPOINT WARNING * * *
The gnoll sergeant draws strength from your wounds!
Unknown command.
You hit the gnoll sergeant but do no damage.
The gnoll sergeant is severely wounded.
You block the gnoll sergeant's attack. The dart slug launches a dart at you.
The slug dart hits you.
You die...

#.###.##....###.###.####.....
#####.##..#.....# #.# #...###....
.......#.##.....# #_# #.....#....
.#####...##.....#######...#.#....
,* ###.##..........w....#.....#
,* #..#...............##....# ,**
#..#.........).....##..... ,,*
*#....#............###..... ,,*
#..#..##.g@.........##..... ,,*
####..##(..######.......... ,,*
#..##(.## #.......... ,,******
#..##(## #..........
,,,,,,,***,.##(# #..........
,,,,,,,,***,,((# #..........
,,,,,,,,,,,,..(# ########...
,,********,#...#* *,,,,,#..# ,,*
****,#....* *,*,*,#...


You could see a gnoll sergeant and a dart slug.

Vanquished Creatures
  A scorpion (D:4)
  A hound (D:4)
  2 orc wizards
  A worker ant (D:4)
  5 gnolls
  5 adders
  A river rat (D:4)
  3 oozes (Sewer)
  8 worms
  A dart slug (D:2)
  3 leopard geckos
  6 orcs
  A bat zombie (D:4)
  6 giant cockroaches
  8 goblins
  9 hobgoblins
  4 jackals (Sewer)
  4 ball pythons
  13 bats
  9 frilled lizards
  8 kobolds
  8 rats
  A rat zombie (D:4)
108 creatures vanquished.

Vanquished Creatures (others)
  An ice beast (D:4)
  A leopard gecko (D:4)
2 creatures vanquished.

Grand Total: 110 creatures vanquished

Notes
Turn   | Place    | Note
-------+----------+-------------------------------------------
     0 | D:1      | Almogavar the Barachi Fighter began the quest for the Orb.
     0 | D:1      | Reached XP level 1. HP: 18/18 MP: 1/1
   228 | D:1      | Reached XP level 2. HP: 25/25 MP: 2/2
   794 | D:1      | Reached XP level 3. HP: 30/30 MP: 3/3
   959 | D:2      | Found a shimmering altar of Xom.
  1482 | D:2      | Found an opulent altar of Gozag.
  1659 | D:2      | Reached XP level 4. HP: 20/37 MP: 4/4
  2307 | D:3      | Found a broken altar of Ashenzari.
  2569 | D:3      | Reached skill level 1 in Dodging
  2569 | D:3      | Reached XP level 5. HP: 40/42 MP: 5/5
  3208 | D:4      | Found a glowing drain.
  3227 | D:4      | Killed an ice beast
  3262 | Sewer    | Entered a sewer
  3791 | Sewer    | Reached XP level 6. HP: 19/49 MP: 6/6
  4312 | D:4      | Found an ancient bone altar of Kikubaaqudgha.
  4339 | D:4      | Reached skill level 5 in Long Blades
  4339 | D:4      | Reached skill level 1 in Slings
  4760 | D:4      | Reached skill level 5 in Armour
  4951 | D:4      | HP: 1/50 [gnoll sergeant/+2 vampiric spear (5)]
  4952 | D:4      | Killed from afar by a dart slug

Illustrated notes

Levels and vault maps discovered:
D:1:      dpeg_arrival_radiant, layout_loops_ring, minmay_misc_feat_nine_boxes,
          minmay_misc_feat_room
D:2:      layout_basic, xom_teletrap_fun, lemuel_altar_in_water
D:3:      layout_basic, old_standard_altar
D:4:      layout_rooms, kennysheep_little_box, nicolae_overflow_hidden_temple,
          lemuel_zombie_altar_kikubaaqudgha, portal_sewer_entry_b,
          lemuel_flame_loot_1

Skill      XL: |  1  2  3  4  5  6 |
---------------+-------------------+-----
Armour         | 4 5 |  5.0
Fighting       | 4 |  4.8
Long Blades    | 3 4 5 |  5.1
Dodging        | 1 |  1.8
Shields        | 4 |  4.4
Slings         | 1 |  1.8
Stealth        | |  0.2

Action                   |  1- 3 |  4- 6 || total
-------------------------+-------+-------++-------
Melee: Long sword        |   117 |   184 ||   301
 Fire: Hunting sling     |       |    88 ||    88
 Abil: Hop               |       |     1 ||     1
  Use: Scroll            |     1 |     3 ||     4
       Potion            |       |     3 ||     3
Armor: Scale mail        |    54 |    89 ||   143
Dodge: Dodged            |    36 |    78 ||   114
Block: Kite shield       |    50 |   115 ||   165
       Rpst.: Long sword |    13 |    22 ||    35
